 Dungeon Crawl Stone Soup version 0.21.0-3-g78d12a8bdd (webtiles) character file.

35 Principatus the Charlatan (level 3, -14/28 HPs)
             Began as a Demonspawn Artificer on Jan 8, 2018.
             Killed by divine providence
             ... invoked by an orc priest
              (17 damage)
             ... on level 2 of the Dungeon.
             The game lasted 00:03:48 (1418 turns).

Principatus the Charlatan (Demonspawn Artificer)    Turns: 1418, Time: 00:03:49

Health: -14/28     AC:  8    Str: 18    XL:     3   Next: 17%
Magic:  5/5        EV: 11    Int: 12    God:
Gold:   78         SH:  0    Dex: 13    Spells: 2/2 levels left

rFire    . . .     SeeInvis .   a - +0 hand axe
rCold    . . .     Gourm    .   (no shield)
rNeg     . . .     Faith    .   k - +0 ring mail
rPois    .         Spirit   .   (no helmet)
rElec    .         Reflect  .   (no cloak)
rCorr    .         Harm     .   s - +0 pair of gloves
MR       .....                  (no boots)
Stlth    +.........             (no amulet)
HPRegen  0.09/turn              (no ring)
MPRegen  0.09/turn              (no ring)

@: mighty
A: icy blue scales 1
a: no special abilities


You were on level 2 of the Dungeon.
You were not hungry.

You visited 1 branch of the dungeon, and saw 2 of its levels.

You collected 78 gold pieces.

Inventory:

Hand Weapons
 a - a +0 hand axe (weapon)
 b - a +0 hunting sling
 g - a +0 short sword
Missiles
 h - 10 stones (quivered)
 j - 6 needles of sleeping
Armour
 k - a +0 ring mail (worn)
 s - a +0 pair of gloves (worn)
 u - a +0 leather armour
Wands
 c - a wand of flame (15)
 d - a wand of enslavement (15)
 e - a wand of random effects (15)
Scrolls
 m - a scroll of teleportation
 p - a scroll of random uselessness {unknown}
 q - a scroll of identify {unknown}
 t - a scroll of amnesia {unknown}
Potions
 l - a potion of cancellation {unknown}
 o - a potion of magic
 r - a potion of berserk rage {unknown}
 v - a potion of curing {unknown}
Comestibles
 f - 5 rations
 i - a chunk of flesh


   Skills:
 * Level 2.4 Fighting
 - Level 0.8 Short Blades
 - Level 1.7 Dodging
 - Level 1.2 Stealth
 + Level 3.4 Evocations


You had 2 spell levels left.
You didn't know any spells.

Dungeon Overview and Level Annotations

Branches:
Dungeon (2/15)

Altars:


Innate Abilities, Weirdness & Mutations

You are partially covered in icy blue scales. (AC +2)


Message History

Beogh smites you!
Ouch! That really hurt!
* * * LOW HITPOINT WARNING * * *
The giant cockroach bites you.
* * * LOW HITPOINT WARNING * * *
You hit the giant cockroach.
You kill the giant cockroach!
A goblin comes into view. It is wielding a club.
Found 11 gold pieces.
It was a potion of magic.
Magic courses through your body. The orc hits you but does no damage.
It was a potion of might.
You feel very mighty all of a sudden. The orc closely misses you.
The goblin hits you but does no damage.
You barely miss the goblin. You closely miss the orc.
The orc priest invokes the aid of Beogh against you.
Beogh smites you!
Ouch! That really hurt!
You die...

#..o.(....#
##...(...#
#........#
#?#.o..#.#
#.#.##.######.
#...<.........
##
#o####.######
#..$#g####.#
#...@oo.o#
........#####
........#
###.##### ..
##


You could see an orc priest, 3 orcs and a goblin.

Vanquished Creatures
  2 dart slugs (D:1)
  2 bats (D:1)
  3 giant cockroaches
  4 goblins (D:1)
  6 hobgoblins
  4 kobolds (D:1)
  A ball python (D:1)
  3 frilled lizards (D:1)
  4 rats (D:1)
29 creatures vanquished.

Notes
Turn   | Place    | Note
-------+----------+-------------------------------------------
     0 | D:1      | Principatus the Demonspawn Artificer began the quest for the Orb.
     0 | D:1      | Reached XP level 1. HP: 15/15 MP: 3/3
    36 | D:1      | Reached skill level 1 in Stealth
   596 | D:1      | Gained mutation: You are partially covered in icy blue scales. (AC +2) [demonic ancestry]
   596 | D:1      | Reached XP level 2. HP: 21/21 MP: 4/4
  1049 | D:1      | Reached XP level 3. HP: 26/28 MP: 5/5
  1418 | D:2      | Killed from afar by an orc priest

Skill      XL: |  1  2 |
---------------+-------+-----
Stealth        | 1 |  1.2
Fighting       | 2 |  2.4
Short Blades   | |  0.8
Dodging        | |  1.7
Evocations     | |  3.4

Action                   || total
-------------------------++-------
Melee: Hand axe          ||   124
       Short sword       ||     4
 Fire: Hunting sling     ||    16
Throw: Stone             ||     9
  Use: Potion            ||     2
       Scroll            ||     1
  Eat: Chunk             ||     2
Armor: Ring mail         ||    61
       Leather armour    ||     3
Dodge: Dodged            ||    87
